Map: Divergence LE

Players

Throwfordays - Winner!

  • Race: Protoss Protoss
  • Spawn Location: 5:00

Faust - Winner!

  • Race: Zerg Zerg
  • League: Diamond
  • Spawn Location: 5:00

fredmfighter

  • Race: Zerg Zerg
  • Spawn Location: 11:00

jon

  • Race: Terran Terran
  • Spawn Location: 11:00

VOD

Have the link to the VOD?

Description

Time

  • Played on: May 30, 2019, 1:32 p.m.
  • Length: 16:42
Show
View Real Time Build Order
Export as new Build Order

Throwfordays Protoss - Winner!

Build Orders: 1 Gate Expand, Double Forge 

Get SALT Encoding   

  12  0:00  Probe  
  13  0:15  Pylon  
  13  0:17  Probe  
  14  0:29  Probe  
  15  0:36  Gateway  
  15  0:41  Probe  
  16  0:45  Assimilator  
  16  0:49  Probe  
  17  0:57  Probe  
  18  1:08  Probe  
  19  1:20  Probe  
  20  1:28  Nexus  
  20  1:40  Cybernetics Core  
  20  1:45  Zealot  
  22  1:52  Assimilator  
  22  1:57  Pylon  
  22  2:09  Probe  
  23  2:19  Robotics Facility  
  23  2:21  Probe  
  24  2:28  Warp Gate  
  24  2:33  Probe  
  25  2:37  Adept  
  25  2:43  Probe  
  27  2:45  Robotics Facility  
  28  2:51  Probe  
  28  2:52  Probe  
  30  3:00  Gateway  
  30  3:02  Probe  
  30  3:04  Probe  
  32  3:14  Probe  
  33  3:20  Immortal  
  37  3:33  Pylon  
  37  3:41  Robotics Bay  
  37  3:50  Adept x2  
  41  3:58  Forge  
  41  4:00  Forge  
  41  4:17  Immortal  
  41  4:19  Extended Thermal Lance  
  45  4:31  Pylon  
  45  4:32  Probe  
  45  4:35  Assimilator  
  45  4:38  Probe  
  47  4:40  Probe  
  48  4:47  Protoss Ground Weapons Level 1  
  48  4:48  Probe  
  48  4:50  Probe  
  50  5:00  Probe  
  50  5:02  Probe  
  52  5:17  Nexus  
  52  5:20  Stalker x2  
  56  5:36  Immortal  
  58  5:43  Stalker  
  58  5:44  Stalker  
  56  5:50  Probe  
  57  5:58  Probe  
  50  6:08  Probe  
  51  6:20  Probe, Immortal x2  
  51  6:25  Pylon  
  60  6:32  Probe  
  61  6:33  Assimilator  
  61  6:37  Assimilator x2  
  61  6:39  Probe  
  62  6:42  Probe  
  62  6:44  Probe  
  64  6:51  Probe  
  64  6:52  Stalker  
  64  6:53  Stalker  
  69  6:54  Probe  
  69  6:57  Probe  
  71  7:05  Probe  
  71  7:06  Probe  
  73  7:09  Probe  
  69  7:17  Probe  
  69  7:21  Probe  
  67  7:29  Probe  
  68  7:36  Stalker x2  
  72  7:38  Probe  
  73  7:46  Probe  
  73  7:49  Probe  
  75  7:55  Probe  
  76  8:01  Probe  
  77  8:08  Probe  
  77  8:10  Probe  
  77  8:11  Stalker  
  77  8:12  Stalker  
  83  8:13  Probe  
  84  8:20  Probe  
  85  8:51  Probe x2  
  85  9:09  Probe x2  
  85  9:16  Pylon  
  83  9:18  Pylon, Immortal  
  83  9:20  Pylon, Immortal  
  83  9:21  Pylon x2, Probe x2  
  83  9:22  Pylon x2  
  83  9:24  Pylon  
  73  9:25  Pylon  
  73  9:26  Pylon, Probe  
  73  9:28  Pylon  
  73  9:29  Pylon  
  73  9:30  Pylon  
  72  9:35  Stalker  
  72  9:36  Stalker  
  76  9:46  Nexus  
  76  9:51  Pylon  
  76  9:55  Probe  
  77  10:08  Probe  
  77  10:11  Probe  
  79  10:20  Probe  
  80  10:21  Stalker x2  
  80  10:23  Colossus x2, Probe  
  93  10:35  Probe  
  76  10:45  Stalker x2  
  76  10:47  Probe  
  77  10:59  Probe  
  78  11:06  Probe  
  78  11:08  Stalker  
  78  11:09  Stalker  
  83  11:14  Probe  
  83  11:18  Protoss Ground Armor Level 1, Protoss Shields Level 1  
  83  11:21  Colossus x2, Gateway  
  83  11:22  Gateway  
  83  11:24  Gateway, Probe  
  83  11:25  Gateway  
  96  11:29  Gateway  
  96  11:31  Gateway  
  97  11:33  Gateway  
  97  11:35  Twilight Council  
  97  11:36  Probe  
  98  11:43  Robotics Facility  
  98  11:44  Robotics Facility  
  98  11:48  Probe  
  98  11:51  Robotics Facility  
  99  11:57  Stalker x2  
  103  12:03  Probe  
  104  12:11  Probe  
  105  12:18  Nexus  
  105  12:21  Pylon, Probe  
  105  12:29  Pylon, Immortal x2  
  114  12:31  Immortal  
  114  12:33  Probe  
  119  12:38  Immortal  
  123  12:45  Probe  
  124  13:14  Warp Prism  
  124  13:18  Immortal  
  124  13:19  Immortal x2  
  138  13:27  Assimilator  
  138  13:30  Probe  
  138  13:31  Assimilator  
  138  13:32  Probe  
  140  13:34  Probe  
  140  13:37  Probe  
  142  13:42  Probe  
  142  13:43  Probe  
  142  13:45  Probe  
  145  13:49  Probe  
  145  13:50  Protoss Ground Weapons Level 2  
  145  13:51  Protoss Ground Armor Level 2, Probe  
  145  13:54  Probe, Immortal  
  152  13:57  Probe  
  152  14:00  Probe  
  152  14:01  Probe  
  154  14:06  Probe  
  154  14:07  Stalker  
  154  14:08  Stalker x6  
  154  14:09  Probe  
  171  14:13  Probe  
  172  14:18  Probe  
  172  14:21  Probe  
  174  15:12  Stalker x2  
  174  15:13  Stalker x5  
  188  15:14  Stalker x2  
  192  15:37  Stalker x5  
  177  16:00  Immortal x4  
  177  16:01  Stalker x2  
  177  16:02  Stalker x3  
  191  16:42  Pylon  
Show
View Real Time Build Order
Export as new Build Order

Faust Zerg - Winner!

Build Orders: Hatch First, Swarm Host 

Get SALT Encoding   

  12  0:01  Drone  
  13  0:11  Drone  
  14  0:16  Extractor  
  14  0:17  Drone  
  15  0:21  Overlord  
  15  0:41  Drone  
  15  0:42  Drone  
  17  0:55  Drone  
  18  0:58  Hatchery  
  18  1:00  Extractor  
  18  1:01  Drone  
  17  1:15  Spawning Pool  
  16  1:21  Drone  
  17  1:55  Drone x2  
  17  1:56  Drone  
  20  2:04  Queen, Metabolic Boost  
  22  2:09  Queen  
  22  2:11  Drone x2  
  26  2:19  Drone  
  27  2:23  Drone  
  27  2:28  Baneling Nest  
  27  2:30  Drone  
  27  2:35  Overlord  
  28  2:52  Overlord  
  28  2:54  Drone x2  
  28  2:55  Drone  
  31  3:01  Drone  
  32  3:08  Drone  
  32  3:10  Lair  
  33  3:14  Extractor  
  33  3:15  Drone x4  
  36  3:20  Drone x2  
  36  3:21  Drone x2  
  36  3:25  Overlord  
  40  3:35  Extractor  
  40  3:37  Extractor  
  40  3:38  Drone x2  
  40  3:39  Drone  
  41  3:47  Drone x3  
  41  3:48  Drone  
  45  4:07  Drone  
  45  4:08  Drone x3, Overlord  
  45  4:09  Hatchery  
  48  4:11  Overlord  
  48  4:14  Nydus Network  
  47  4:18  Infestation Pit  
  46  4:30  Drone x7  
  53  4:36  Overlord  
  53  4:54  Swarm Host x2  
  53  4:55  Swarm Host x4  
  53  4:58  Overlord  
  71  5:02  Drone x2  
  74  5:23  Spine Crawler x2  
  69  5:30  Nydus Canal  
  69  5:31  Zergling x2  
  69  5:32  Zergling x18  
  50  6:07  Zergling x12  
  54  6:18  Zergling x2  
  54  6:19  Zergling x2  
  54  6:20  Queen  
  52  6:46  Drone  
  52  6:47  Drone x3  
  56  6:54  Swarm Host  
  56  6:55  Swarm Host x3  
  56  6:57  Swarm Host  
  71  7:08  Hatchery  
  70  7:15  Nydus Canal  
  70  7:16  Swarm Host x2  
  70  7:19  Overlord x2  
  76  7:37  Nydus Canal  
  76  7:40  Drone x3  
  76  7:41  Drone x3  
  80  8:06  Overlord x3  
  80  8:15  Hatchery  
  80  8:17  Hive  
  79  8:20  Evolution Chamber  
  79  8:21  Evolution Chamber  
  79  8:24  Nydus Canal  
  71  9:00  Zerg Ground Armor Level 1, Zerg Missile Weapons Level 1  
  71  9:01  Zergling x8  
  75  9:14  Zergling x4, Swarm Host x2  
  75  9:15  Zergling x2, Swarm Host  
  87  9:26  Drone  
  87  9:27  Drone x8  
  96  9:52  Drone  
  97  9:53  Drone x9  
  106  10:03  Drone x8  
  114  10:11  Drone  
  114  10:12  Drone x2  
  117  10:14  Overseer  
  117  10:18  Ultralisk Cavern  
  117  10:19  Adrenal Glands  
  104  11:01  Drone x2  
  104  11:02  Queen, Drone x5  
  111  11:05  Queen  
  111  11:08  Extractor x2, Drone x2  
  111  11:09  Drone x4  
  116  11:11  Zergling x2  
  116  11:12  Zergling x6  
  116  11:18  Zergling x6  
  116  11:19  Zergling x4  
  118  11:29  Spine Crawler  
  118  11:31  Drone x3  
  119  11:52  Drone x2  
  119  11:53  Drone x5  
  126  11:55  Extractor  
  126  11:56  Extractor  
  124  12:03  Overlord  
  124  12:04  Overlord x9  
  124  12:11  Zerg Melee Weapons Level 1, Zerg Ground Armor Level 2  
  124  12:13  Chitinous Plating  
  124  12:19  Hydralisk Den  
  123  12:26  Spore Crawler  
  122  12:37  Drone x5  
  124  12:38  Drone  
  128  12:49  Hatchery  
  128  12:51  Extractor x2  
  125  13:09  Ultralisk  
  125  13:10  Ultralisk x10  
  191  13:19  Nydus Canal  
  191  13:28  Muscular Augments  
  191  13:32  Anabolic Synthesis  
  191  13:33  Lurker Den  
  190  13:41  Drone x3  
  190  13:43  Drone x3  
  157  14:38  Ultralisk  
  157  14:39  Zergling x2, Ultralisk x5, Grooved Spines  
  157  14:40  Zergling x22  
  193  15:32  Evolution Chamber  
  169  16:07  Nydus Canal  
Show
View Real Time Build Order
Export as new Build Order

fredmfighter Zerg 

Build Orders: Pool First 

Get SALT Encoding   

  12  0:22  Spawning Pool  
  12  0:23  Drone  
  12  0:30  Overlord  
  12  0:36  Drone  
  12  0:40  Drone  
  14  0:47  Extractor  
  13  0:54  Drone  
  14  1:14  Queen, Drone  
  14  1:17  Drone  
  18  1:20  Drone  
  19  1:30  Drone  
  20  1:39  Drone  
  21  1:50  Overlord  
  21  2:03  Lair  
  21  2:04  Drone  
  22  2:09  Roach Warren  
  22  2:14  Drone  
  22  2:22  Drone  
  23  2:29  Extractor  
  22  2:37  Drone x2  
  22  2:40  Overlord  
  24  2:49  Roach x2  
  28  3:00  Glial Reconstitution  
  28  3:03  Roach  
  30  3:17  Roach x2  
  30  3:18  Hatchery  
  33  3:25  Roach x2  
  37  3:27  Drone  
  38  3:38  Overlord  
  38  3:55  Overlord  
  38  4:00  Roach x3  
  44  4:04  Metabolic Boost  
  44  4:12  Roach  
  44  4:15  Roach x2  
  50  4:19  Overlord  
  50  4:31  Zergling x4  
  52  4:42  Roach x2  
  52  4:44  Zergling x6  
  59  4:58  Drone x2  
  61  5:15  Spore Crawler  
  61  5:16  Spore Crawler  
  45  6:03  Roach  
  34  6:13  Roach  
  34  6:14  Queen, Roach x6  
  34  6:17  Roach x3  
  46  6:51  Roach x6  
  58  6:59  Extractor  
  57  7:03  Extractor, Drone x2  
  50  7:28  Zergling x2  
  50  7:29  Zergling x16  
  52  8:16  Drone x6  
  54  8:36  Zergling x2  
  54  8:37  Zergling x14  
  62  8:57  Overlord  
  52  9:49  Drone x7  
  52  9:50  Drone x3  
  62  9:58  Hatchery  
  61  10:03  Drone x4  
  61  10:04  Drone  
  66  10:08  Overlord x2  
  66  10:50  Hatchery  
  65  11:02  Infestation Pit  
  64  11:07  Evolution Chamber  
  64  11:08  Evolution Chamber  
  64  11:10  Drone x9  
  71  11:12  Drone x3  
  71  11:13  Drone  
  75  11:24  Hatchery  
  74  11:31  Spine Crawler  
  73  11:35  Spine Crawler  
  73  11:39  Spine Crawler  
  71  11:41  Drone x7  
  78  11:50  Spine Crawler  
  78  11:52  Spine Crawler  
  76  11:59  Drone  
  76  12:00  Drone x3  
  80  12:01  Drone x2  
  80  12:03  Overlord x3  
  80  12:04  Hive  
  80  12:05  Zerg Melee Weapons Level 1, Zerg Ground Armor Level 1  
  82  12:39  Extractor  
  82  12:40  Drone  
  82  12:41  Extractor, Drone x2  
  82  12:42  Drone x3  
  86  12:45  Overlord x4  
  81  12:59  Overlord  
  80  13:15  Drone x3  
  83  13:27  Hatchery x2  
  82  13:28  Hatchery  
  80  13:46  Ultralisk Cavern  
  79  13:50  Overlord  
  79  14:09  Zerg Melee Weapons Level 2, Zerg Ground Armor Level 2  
  79  14:15  Drone x2  
  79  14:16  Drone x9  
  90  14:17  Overlord  
  90  14:18  Overlord x3  
  90  14:40  Nydus Network  
  89  14:53  Ultralisk  
  89  14:54  Ultralisk x7  
  89  14:59  Anabolic Synthesis  
  137  15:17  Nydus Canal  
  127  15:22  Ultralisk x3  
  136  15:30  Zergling x6  
  136  15:31  Zergling x12  
  145  15:56  Ultralisk  
  145  15:57  Ultralisk x9  
Show
View Real Time Build Order
Export as new Build Order

jon Terran 

Build Orders: Mech 

Get SALT Encoding   

  12  0:00  SCV  
  13  0:13  SCV  
  14  0:18  Supply Depot  
  14  0:25  SCV  
  15  0:40  SCV  
  15  0:42  Barracks  
  16  0:52  SCV  
  17  1:04  SCV  
  18  1:16  SCV  
  19  1:28  SCV  
  19  1:31  Marine, Supply Depot  
  21  1:40  SCV  
  21  1:41  Command Center  
  22  1:52  Orbital Command  
  22  1:53  Refinery  
  22  1:55  Marine  
  23  2:13  Bunker  
  23  2:15  Marine  
  23  2:22  SCV  
  25  2:29  Refinery  
  25  2:33  Marine  
  25  2:34  SCV  
  27  2:46  SCV  
  28  2:51  Marine  
  29  3:01  Factory  
  29  3:05  Orbital Command  
  29  3:09  Marine  
  29  3:10  SCV  
  31  3:20  Refinery  
  31  3:22  SCV  
  31  3:23  Refinery  
  31  3:27  Marine  
  32  3:32  SCV  
  34  3:35  SCV  
  35  3:44  SCV  
  35  3:45  Factory  
  35  3:46  Factory Tech Lab  
  35  3:47  SCV  
  35  3:48  Marine  
  38  3:56  SCV  
  38  3:59  SCV  
  40  4:05  Siege Tank  
  40  4:08  SCV, Infernal Pre-Igniter  
  44  4:11  SCV  
  44  4:14  Supply Depot  
  45  4:17  Supply Depot  
  45  4:21  SCV  
  46  4:25  Barracks Reactor  
  46  4:28  Factory Reactor  
  46  4:32  Factory  
  46  4:35  SCV  
  47  4:45  SCV  
  48  4:47  Supply Depot  
  48  4:48  SCV, Supply Depot  
  49  4:56  Siege Tank  
  49  4:57  SCV  
  53  5:00  SCV, Armory  
  54  5:09  SCV  
  54  5:12  SCV  
  56  5:30  SCV x2  
  56  5:31  Factory Tech Lab  
  56  5:33  Hellion x2  
  62  5:41  Supply Depot  
  62  5:42  SCV  
  63  5:43  SCV, Supply Depot  
  63  5:47  Armory  
  56  6:10  Siege Tank  
  58  6:12  Marine x2  
  58  6:13  Siege Tank, Hellion x2  
  58  6:15  Terran Vehicle Weapons Level 1  
  58  6:16  Factory  
  67  6:23  Supply Depot  
  65  6:51  Siege Tank x2  
  65  6:52  Hellion x2  
  65  6:53  SCV x2  
  77  6:58  Supply Depot  
  77  7:07  Factory Tech Lab  
  77  7:09  Factory  
  77  7:10  Terran Vehicle And Ship Armor Level 1  
  77  7:16  SCV x2  
  79  7:27  Command Center  
  79  7:28  Marine x2  
  81  7:31  Hellion x2  
  85  7:46  Marine x2  
  87  7:52  Hellion  
  87  7:53  Hellion  
  91  8:04  Marine x2  
  93  8:14  Hellion x2  
  93  8:17  Siege Tank  
  93  8:18  Factory Reactor, Siege Tank x2  
  106  8:21  Marine, Starport  
  106  8:22  Marine  
  108  8:35  Hellion  
  108  8:39  Hellion  
  103  8:56  Hellion  
  103  9:01  Hellion  
  107  9:18  Hellion  
  107  9:21  Command Center  
  109  9:39  Hellion  
  95  10:07  Orbital Command  
  53  11:21  Siege Tank  
  53  11:22  Siege Tank x2  
  53  11:23  Hellion x3  
  53  11:24  Hellion  
  70  11:26  Terran Vehicle Weapons Level 2, Terran Vehicle And Ship Armor Level 2  
  70  11:33  Orbital Command  
  66  11:56  Siege Tank x2  
  66  11:57  Hellion, Siege Tank  
  66  11:58  Marine, Hellion x3  
  66  11:59  Marine, Command Center  
  85  12:11  Starport Reactor  
  85  12:16  Marine  
  85  12:17  Marine  
  87  12:25  Hellion  
  87  12:26  Hellion  
  91  12:33  Hellion x2  
  91  12:34  Marine x2  
  91  12:36  Mag-Field Accelerator  
  97  12:42  Thor  
  97  12:43  Thor  
  109  12:44  Siege Tank  
  109  12:47  Hellion x2  
  116  12:52  Marine x2  
  116  12:54  Hellion  
  116  12:55  Hellion  
  122  13:08  Hellion  
  122  13:11  Hellion  
  126  13:13  Orbital Command  
  126  13:15  Hellion  
  126  13:16  Hellion  
  130  13:29  Hellion  
  130  13:32  Hellion  
  134  13:37  Hellion x2  
  73  14:27  Siege Tank x2  
  73  14:28  Siege Tank  
  73  14:29  Hellion x2  
  73  14:30  Hellion x2  
  73  14:31  Liberator x2  
  84  14:39  Marine x2  
  86  14:50  Hellion x2  
  86  14:51  Hellion  
  86  14:52  Hellion  
  74  15:13  Hellion x2  
Tags
 
Add a new tag
Caveats
  • Supply blocks, unpowered buildings, or Contaminate may cause inaccurate times.
  • Supply counts are checked every 10 seconds.